Map: Fields of Death

Players

Loken

  • Race: Zerg Zerg
  • Spawn Location: 6:00

dallaskuken

  • Race: Protoss Protoss
  • League: Platinum
  • Spawn Location: 7:00

PasciTheKid - Winner!

  • Race: Protoss Protoss
  • League: Diamond
  • Spawn Location: 12:00

vvDAUNvv - Winner!

  • Race: Terran Terran
  • Spawn Location: 12:00

VOD

Have the link to the VOD?

Description

Time

  • Played on: March 10, 2017, 1:03 p.m.
  • Length: 17:38
Show
View Real Time Build Order
Export as new Build Order

Loken Zerg 

Build Orders: Hatch First 

Get SALT Encoding   

  12  0:02  Drone  
  13  0:13  Overlord  
  13  0:19  Drone  
  14  0:32  Drone  
  14  0:33  Drone  
  16  0:38  Drone  
  17  0:57  Drone  
  17  1:01  Hatchery, Drone  
  18  1:12  Drone  
  19  1:21  Spawning Pool  
  19  1:23  Drone  
  19  1:30  Extractor  
  19  1:31  Drone  
  19  1:40  Overlord  
  19  2:02  Overlord  
  19  2:08  Queen  
  19  2:09  Zergling x2  
  19  2:12  Zergling x2  
  23  2:16  Drone  
  23  2:20  Queen  
  26  2:38  Drone  
  26  2:39  Drone x3  
  30  2:54  Zergling x2  
  30  2:55  Zergling x2  
  30  2:56  Metabolic Boost  
  32  3:02  Drone x2  
  34  3:23  Zergling x14  
  41  3:33  Zergling x6  
  44  3:34  Overlord x2  
  44  3:42  Hatchery  
  43  4:00  Lair  
  43  4:04  Zergling x16  
  51  4:11  Queen  
  53  4:23  Drone x3  
  53  4:24  Drone  
  57  4:44  Zergling x2  
  57  4:45  Zergling x4  
  60  4:46  Overlord x2  
  60  4:47  Overlord x2  
  50  5:37  Drone  
  50  5:38  Drone x12  
  59  6:04  Hydralisk Den  
  59  6:07  Drone x2  
  59  6:08  Drone, Extractor  
  53  6:22  Drone  
  53  6:23  Drone x9  
  62  6:35  Muscular Augments  
  62  6:36  Hydralisk  
  62  6:37  Hydralisk x2  
  68  6:48  Hydralisk x4  
  76  6:57  Hydralisk  
  78  7:04  Extractor  
  78  7:05  Extractor  
  76  7:09  Drone x5, Extractor x2  
  79  7:21  Hydralisk x3  
  85  7:23  Zergling x2  
  85  7:24  Zergling x10  
  85  7:29  Hatchery  
  90  7:31  Hatchery  
  90  7:33  Hatchery  
  88  7:51  Overlord  
  88  7:52  Overlord x13  
  88  7:56  Pneumatized Carapace  
  88  8:13  Hydralisk x4  
  88  8:17  Zergling x2  
  88  8:18  Zergling x4  
  99  8:25  Infestation Pit  
  98  8:41  Hydralisk  
  98  8:42  Hydralisk x4  
  108  8:51  Zergling x22  
  108  8:52  Zergling x4  
  121  9:03  Zergling x2  
  121  9:04  Zergling x14  
  121  9:07  Hive  
  129  9:11  Lurker Den  
  129  9:29  Zergling x16  
  129  9:30  Zergling x28  
  149  9:56  Hydralisk  
  149  9:57  Hydralisk x9  
  165  10:07  Evolution Chamber  
  165  10:08  Evolution Chamber  
  165  10:10  Evolution Chamber  
  165  10:14  Zergling x24  
  166  10:49  Hydralisk x11  
  185  11:07  Spire  
  184  11:19  Hydralisk  
  184  11:20  Hydralisk x3  
  192  11:51  Zerg Melee Weapons Level 1, Zerg Ground Armor Level 1, Zerg Missile Weapons Level 1  
  142  12:43  Corruptor x10  
  158  12:54  Overseer x2  
  158  12:55  Overseer  
  158  13:08  Zergling x12  
  158  13:09  Zergling x26  
  58  14:28  Hydralisk x2  
  58  14:29  Hydralisk x13  
  61  15:25  Hatchery  
  19  16:15  Corruptor  
Show
View Real Time Build Order
Export as new Build Order

dallaskuken Protoss 

Build Orders:  

Get SALT Encoding   

  12  0:01  Probe (Chrono Boost)  
  13  0:11  Probe (Chrono Boost)  
  14  0:22  Probe (Chrono Boost)  
  14  0:25  Pylon  
  15  0:43  Gateway, Probe (Chrono Boost)  
  16  0:53  Probe (Chrono Boost)  
  16  0:54  Gateway  
  18  1:04  Probe (Chrono Boost)  
  18  1:11  Assimilator  
  18  1:14  Probe (Chrono Boost)  
  19  1:25  Probe (Chrono Boost)  
  20  1:30  Pylon  
  20  1:31  Zealot  
  22  1:35  Cybernetics Core  
  22  1:41  Probe (Chrono Boost)  
  22  1:45  Assimilator  
  23  1:51  Probe (Chrono Boost)  
  24  1:59  Zealot  
  26  2:02  Probe (Chrono Boost)  
  26  2:05  Warp Gate  
  27  2:12  Probe (Chrono Boost)  
  28  2:21  Pylon  
  28  2:23  Stalker, Probe (Chrono Boost)  
  31  2:40  Probe (Chrono Boost)  
  32  2:47  Nexus  
  32  3:09  Stalker x2  
  32  3:10  Pylon  
  36  3:21  Pylon  
  36  3:24  Gateway  
  36  3:28  Gateway  
  36  3:35  Pylon  
  36  3:40  Probe (Chrono Boost)  
  37  3:53  Probe (Chrono Boost)  
  38  4:07  Mothership Core (Chrono Boost)  
  40  4:17  Probe (Chrono Boost)  
  41  4:28  Probe (Chrono Boost)  
  34  4:39  Probe (Chrono Boost)  
  35  4:49  Probe (Chrono Boost)  
  35  4:51  Stalker x2  
  40  4:54  Probe (Chrono Boost)  
  40  4:58  Stalker x2  
  45  5:07  Probe (Chrono Boost)  
  46  5:08  Probe (Chrono Boost)  
  47  5:19  Probe x2 (Chrono Boost)  
  42  5:30  Probe (Chrono Boost)  
  42  5:31  Probe (Chrono Boost)  
  44  5:38  Forge  
  44  5:41  Probe (Chrono Boost)  
  46  5:43  Probe (Chrono Boost)  
  46  5:45  Pylon  
  46  5:49  Pylon  
  46  5:52  Probe (Chrono Boost)  
  46  5:55  Probe (Chrono Boost)  
  48  6:01  Stalker x2  
  48  6:02  Probe (Chrono Boost)  
  53  6:07  Probe (Chrono Boost)  
  53  6:10  Pylon  
  54  6:12  Pylon  
  54  6:13  Probe (Chrono Boost)  
  54  6:16  Stalker  
  57  6:29  Assimilator  
  57  6:34  Assimilator  
  57  6:35  Probe (Chrono Boost)  
  58  6:41  Stargate  
  58  6:44  Stalker  
  61  6:48  Protoss Ground Weapons Level 1, Probe (Chrono Boost)  
  61  7:00  Probe (Chrono Boost)  
  62  7:02  Nexus  
  62  7:10  Probe (Chrono Boost)  
  63  7:17  Stalker  
  63  7:21  Probe (Chrono Boost)  
  70  7:31  Probe (Chrono Boost)  
  70  7:33  Oracle  
  70  7:42  Stalker, Probe (Chrono Boost)  
  70  7:43  Stalker x3  
  79  7:52  Probe (Chrono Boost)  
  80  8:03  Probe (Chrono Boost)  
  81  8:09  Gateway  
  81  8:10  Gateway  
  81  8:13  Gateway, Probe (Chrono Boost)  
  82  8:24  Probe (Chrono Boost)  
  82  8:25  Probe (Chrono Boost)  
  84  8:33  Stalker x3  
  90  8:34  Probe (Chrono Boost)  
  90  8:37  Probe (Chrono Boost)  
  92  8:45  Probe (Chrono Boost)  
  94  8:49  Probe (Chrono Boost)  
  92  9:35  Stalker  
  92  9:36  Stalker x3  
  97  9:39  Void Ray  
  101  10:05  Sentry x4  
  109  10:14  Protoss Ground Armor Level 1  
  109  10:20  Fleet Beacon  
  109  10:24  Twilight Council  
  109  10:30  Stalker x4  
  117  10:39  Probe (Chrono Boost)  
  117  10:40  Pylon  
  117  10:42  Pylon  
  118  10:44  Pylon  
  118  10:46  Pylon  
  118  10:49  Probe (Chrono Boost)  
  119  10:54  Phoenix  
  121  11:00  Probe (Chrono Boost)  
  122  11:07  Assimilator  
  122  11:10  Assimilator, Probe (Chrono Boost)  
  123  11:17  Pylon  
  123  11:18  Pylon  
  123  11:19  Phoenix  
  123  11:21  Probe (Chrono Boost)  
  123  11:22  Pylon  
  126  11:31  Probe (Chrono Boost)  
  127  11:35  Blink  
  127  11:41  Phoenix  
  127  11:42  Probe (Chrono Boost)  
  130  12:03  Phoenix  
  132  12:09  Protoss Shields Level 1  
  132  12:17  Stalker x3  
  132  12:18  Stalker x4  
  136  12:53  Robotics Facility  
  136  13:01  Photon Cannon  
  136  13:03  Photon Cannon  
  136  13:06  Photon Cannon  
  106  14:02  Protoss Ground Weapons Level 2  
  106  14:07  Stalker x3  
  106  14:08  Stalker x4  
  107  14:46  Stalker  
  107  14:47  Stalker x4  
  107  14:48  Stalker x2  
  103  15:04  Tempest  
  71  15:12  Stalker x5  
  71  15:13  Stalker x2  
  89  15:36  Stalker x4  
  89  15:41  Tempest  
  85  16:00  Stalker x5  
  71  16:10  Stalker x2  
  59  16:35  Stalker x3  
  59  16:36  Stalker  
  59  16:37  Stalker  
  54  17:04  Stalker x4  
Show
View Real Time Build Order
Export as new Build Order

PasciTheKid Protoss - Winner!

Build Orders: Oracle Opening 

Get SALT Encoding   

  12  0:02  Probe (Chrono Boost)  
  13  0:13  Probe (Chrono Boost)  
  14  0:19  Pylon  
  14  0:24  Probe (Chrono Boost)  
  15  0:39  Gateway  
  15  0:46  Probe (Chrono Boost)  
  15  0:48  Assimilator  
  16  0:56  Probe (Chrono Boost)  
  17  1:07  Probe (Chrono Boost)  
  18  1:18  Probe (Chrono Boost)  
  19  1:28  Probe (Chrono Boost)  
  19  1:32  Cybernetics Core  
  20  1:37  Assimilator  
  20  1:39  Probe (Chrono Boost)  
  21  1:55  Nexus  
  21  2:05  Probe (Chrono Boost)  
  22  2:12  Pylon  
  22  2:24  Forge  
  22  2:26  Probe (Chrono Boost)  
  23  2:31  Stargate  
  22  2:42  Mothership Core (Chrono Boost)  
  24  3:03  Photon Cannon  
  24  3:04  Pylon  
  24  3:07  Pylon  
  24  3:10  Oracle  
  24  3:19  Probe x2 (Chrono Boost)  
  29  3:32  Probe (Chrono Boost)  
  29  3:33  Probe (Chrono Boost)  
  31  3:37  Pylon  
  31  3:42  Photon Cannon  
  31  3:57  Photon Cannon  
  31  3:58  Probe (Chrono Boost)  
  31  3:59  Probe (Chrono Boost)  
  33  4:04  Void Ray  
  33  4:16  Probe (Chrono Boost)  
  38  4:25  Probe (Chrono Boost)  
  38  4:28  Probe (Chrono Boost)  
  40  4:45  Probe (Chrono Boost)  
  41  4:47  Stargate  
  41  4:49  Fleet Beacon  
  41  4:50  Probe (Chrono Boost)  
  42  4:53  Assimilator  
  42  4:56  Assimilator  
  42  4:57  Probe (Chrono Boost)  
  43  5:01  Probe (Chrono Boost)  
  44  5:09  Probe (Chrono Boost)  
  44  5:12  Probe (Chrono Boost)  
  46  5:31  Carrier  
  52  6:03  Probe (Chrono Boost)  
  54  6:05  Probe (Chrono Boost)  
  54  6:10  Carrier  
  54  6:24  Probe (Chrono Boost)  
  62  6:25  Probe (Chrono Boost)  
  62  6:29  Pylon  
  62  6:32  Pylon  
  62  6:34  Pylon  
  62  6:35  Probe (Chrono Boost)  
  62  6:38  Probe (Chrono Boost)  
  64  6:42  Photon Cannon  
  64  6:45  Probe (Chrono Boost)  
  65  6:48  Graviton Catapult  
  65  6:49  Stargate, Pylon  
  65  6:52  Pylon  
  65  6:59  Carrier  
  71  7:09  Photon Cannon  
  71  7:17  Nexus  
  71  7:25  Carrier  
  77  7:38  Pylon  
  77  7:40  Assimilator  
  77  7:41  Carrier  
  77  7:42  Assimilator  
  83  7:51  Protoss Air Weapons Level 1  
  83  8:01  Photon Cannon  
  83  8:03  Photon Cannon  
  83  8:23  Stargate  
  83  8:26  Carrier  
  89  8:33  Probe x2 (Chrono Boost)  
  92  8:34  Probe (Chrono Boost)  
  92  8:46  Pylon  
  92  8:48  Pylon  
  92  8:49  Carrier  
  95  9:07  Carrier  
  101  9:13  Probe x2 (Chrono Boost)  
  101  9:14  Probe (Chrono Boost)  
  95  9:39  Probe (Chrono Boost)  
  96  9:46  Probe (Chrono Boost)  
  96  9:47  Probe (Chrono Boost)  
  96  9:49  Probe (Chrono Boost)  
  99  9:56  Probe (Chrono Boost)  
  99  9:57  Carrier  
  99  9:59  Probe (Chrono Boost)  
  107  10:00  Probe (Chrono Boost)  
  109  10:07  Probe (Chrono Boost)  
  115  10:24  Protoss Air Weapons Level 2  
  115  10:35  Carrier  
  121  10:36  Pylon  
  121  10:40  Pylon  
  121  10:56  Carrier  
  121  11:01  Probe x2 (Chrono Boost)  
  121  11:02  Probe (Chrono Boost)  
  130  11:15  Probe (Chrono Boost)  
  130  11:16  Probe (Chrono Boost)  
  132  11:19  Protoss Shields Level 1  
  132  11:25  Carrier  
  138  11:38  Carrier  
  144  11:59  Nexus  
  143  12:14  Carrier  
  128  12:27  Carrier  
  134  12:58  Carrier  
  140  13:42  Carrier  
  110  15:02  Carrier  
  104  15:13  Carrier, Nexus  
  98  15:57  Carrier x2  
  110  17:23  Probe (Chrono Boost)  
  110  17:25  Probe (Chrono Boost)  
  118  17:36  Pylon  
Show
View Real Time Build Order
Export as new Build Order

vvDAUNvv Terran - Winner!

Build Orders:  

Get SALT Encoding   

  12  0:08  SCV  
  13  0:20  SCV  
  14  0:29  Supply Depot  
  14  0:32  SCV  
  15  0:50  SCV  
  15  0:56  Barracks  
  16  1:03  SCV  
  17  1:15  SCV  
  18  1:21  Refinery  
  18  1:24  Refinery  
  18  1:27  SCV  
  19  1:39  SCV  
  20  1:50  Command Center  
  20  1:51  SCV  
  21  2:03  SCV  
  21  2:05  Barracks Tech Lab  
  22  2:22  Barracks  
  22  2:31  Factory  
  22  2:32  Barracks  
  22  2:51  Supply Depot  
  22  2:53  Supply Depot  
  22  2:54  Orbital Command  
  22  3:05  Combat Shields  
  22  3:16  Factory Tech Lab  
  22  3:20  Barracks Reactor  
  22  3:28  Barracks Reactor  
  22  3:34  Marine  
  22  3:38  Infernal Pre-Igniter  
  23  3:51  Marine  
  23  3:52  Engineering Bay  
  24  3:58  Armory  
  24  4:09  Orbital Command  
  24  4:14  SCV  
  25  4:23  Terran Infantry Weapons Level 1  
  25  4:26  SCV  
  26  4:38  SCV  
  27  4:49  Starport  
  27  4:54  SCV  
  27  4:55  SCV  
  29  5:04  Refinery  
  29  5:05  Refinery  
  29  5:06  SCV  
  30  5:07  SCV  
  31  5:18  SCV  
  31  5:19  SCV  
  11  5:39  Marine x4  
  15  5:51  Marine  
  15  5:56  Marine  
  15  5:57  Marine x2  
  14  6:09  Marine  
  15  6:14  Starport Tech Lab  
  15  6:27  Marine  
  15  6:28  Command Center  
  16  6:51  Barracks Reactor, Barracks Tech Lab  
  16  6:55  Siege Tank  
  19  7:06  SCV  
  20  7:18  SCV  
  21  7:30  SCV  
  21  7:35  Marine x2  
  21  7:36  Marine x2  
  26  7:42  SCV  
  27  7:52  Orbital Command  
  27  7:54  SCV  
  28  8:06  SCV  
  28  8:11  Starport  
  29  8:16  Refinery  
  29  8:17  SCV  
  29  8:18  SCV  
  31  8:26  Stimpack  
  31  8:29  SCV, Marine  
  31  8:30  Marine x2  
  31  8:31  SCV, Marine  
  37  8:42  SCV  
  37  8:43  SCV  
  39  8:52  Refinery  
  39  8:54  SCV  
  39  8:55  SCV  
  41  9:06  SCV  
  39  10:18  Starport Reactor  
  39  11:00  High Capacity Fuel Tanks  
  39  11:29  Medivac x2  
  39  11:30  Medivac  
  45  11:32  Marine  
  45  11:33  Marine x4  
  50  11:43  Armory  
  50  11:46  Terran Infantry Armor Level 1  
  50  11:50  Marine x2  
  50  11:51  Marine x2  
  54  12:00  Supply Depot  
  54  12:03  Supply Depot  
  54  12:21  SCV x2, Marine x4, Medivac  
  62  12:23  Supply Depot  
  62  12:26  Supply Depot  
  60  12:33  SCV x2  
  59  12:45  SCV x2  
  59  12:48  Widow Mine  
  63  12:58  SCV x2  
  65  13:08  Marine x5  
  65  13:10  SCV  
  71  13:16  Widow Mine  
  71  13:18  Medivac x2  
  77  13:26  Marine x5  
  82  13:27  Raven  
  84  13:44  Marine x2  
  86  14:06  Marine x2  
  86  14:07  Widow Mine  
  55  14:36  Widow Mine  
  48  14:50  Marine x5  
  53  15:04  Widow Mine  
  55  15:07  Marine  
  55  15:08  Marine x4  
  60  15:25  Raven, Marine  
  60  15:26  Marine x4  
  67  15:34  Hellbat  
  69  15:39  Command Center  
  69  15:43  Marine  
  69  15:44  Marine x4  
  74  15:55  Hellbat  
  76  16:01  Marine  
  77  16:05  Marine x4  
  77  16:08  Banshee  
  84  16:16  Hellbat  
  86  16:50  Marine x5  
  91  16:58  Hellbat  
  91  17:08  Marine x5  
Tags
 
Add a new tag
Caveats
  • Supply blocks, unpowered buildings, or Contaminate may cause inaccurate times.
  • Supply counts are checked every 10 seconds.